 Dungeon Crawl Stone Soup version 0.27.1-33-g824d729ab1 (webtiles) character file.

Game seed: 13560012985133504866

28 Garessta the Cudgeller (level 3, -1/28 HPs)
             Began as a Gnoll Wanderer on Dec 10, 2021.
             Slain by Laukis's ghost (9 damage)
             ... on level 3 of the Dungeon.
             The game lasted 00:01:31 (1552 turns).

Garessta the Cudgeller (Gnoll Wanderer)             Turns: 1552, Time: 00:01:32

Health: -1/28      AC:  8    Str:  9    XL:     3   Next: 14%
Magic:  3/3        EV:  8    Int: 14    God:
Gold:   88         SH:  0    Dex: 11    Spells: 3/3 levels left

rFire    . . .     SeeInvis .   a - +0 mace
rCold    . . .     Faith    .   (no shield)
rNeg     . . .     Spirit   .   b - +2 scale mail
rPois    .         Reflect  .   (no helmet)
rElec    .         Harm     .   (no cloak)
rCorr    .         Rampage  .   (no gloves)
Will     .....                  (no boots)
Stlth    +.........             (no amulet)
HPRegen  0.09/turn              (no ring)
MPRegen  0.08/turn              (no ring)

@: no status effects
A: fangs 1, strong nose, distributed training
a: no special abilities


You were on level 3 of the Dungeon.
You visited 1 branch of the dungeon, and saw 3 of its levels.

You collected 88 gold pieces.

Inventory:

Hand Weapons
 a - a +0 mace (weapon)
Armour
 b - a +2 scale mail (worn)
Jewellery
 g - an amulet of the acrobat
Wands
 f - a wand of flame (25)
Scrolls
 c - a scroll of teleportation
 i - a scroll of amnesia {unknown}
Potions
 d - 2 potions of brilliance {unknown}
 e - a potion of heal wounds {unknown}
 h - a potion of might {unknown}


   Skills:
 + Level 2.5 Fighting
 + Level 0.6 Short Blades
 + Level 0.6 Long Blades
 + Level 0.6 Axes
 + Level 6.5 Maces & Flails
 + Level 0.6 Polearms
 + Level 0.6 Staves
 + Level 0.6 Slings
 + Level 0.6 Bows
 + Level 0.6 Crossbows
 + Level 0.6 Throwing
 + Level 2.5 Armour
 + Level 0.6 Dodging
 + Level 2.3 Stealth
 + Level 2.5 Shields
 + Level 0.6 Unarmed Combat
 + Level 0.6 Spellcasting
 + Level 5.4 Conjurations
 + Level 0.4 Hexes
 + Level 0.4 Summonings
 + Level 0.4 Necromancy
 + Level 0.4 Translocations
 + Level 0.4 Transmutations
 + Level 0.4 Fire Magic
 + Level 0.4 Ice Magic
 + Level 0.4 Air Magic
 + Level 0.4 Earth Magic
 + Level 0.4 Poison Magic
 + Level 0.8 Invocations
 + Level 0.6 Evocations


You had 3 spell levels left.
You didn't know any spells.
Your spell library contained the following spells:

 Spells                   Type           Power      Damage    Failure   Level
 Ozocubu's Armour         Ice            1%         N/A       99%         3
 Metabolic Englaciation   Hex/Ice        0%         N/A       100%        5
 Simulacrum               Ice/Necr       0%         N/A       100%        6


Dungeon Overview and Level Annotations

Branches:
Dungeon (3/15)

Altars:
Nemelex Xobeh

Portals:
Abyss: D:3

Annotations:
D:3 1 transporter, Laukis's ghost, amateur GrBe


Innate Abilities, Weirdness & Mutations

You have very sharp teeth.
Your uncanny sense of smell can sniff out nearby items.
Your experience applies equally to all skills.


Message History

You hit Laukis's ghost.
Laukis's ghost is lightly damaged.
Laukis's ghost barely misses you.
Laukis's ghost hits you but does no damage.
You hit Laukis's ghost.
Laukis's ghost is moderately damaged.
Laukis's ghost hits you.
You hit Laukis's ghost but do no damage.
Laukis's ghost is moderately damaged.
The small abomination hits you!!
Ouch! That really hurt!
* * * LOW HITPOINT WARNING * * *
Laukis's ghost completely misses you.
You are too injured to fight recklessly!
You are too injured to fight recklessly!
You are too injured to fight recklessly!
You are too injured to fight recklessly!
You are too injured to fight recklessly!
You are too injured to fight recklessly!
You are too injured to fight recklessly!
You are too injured to fight recklessly!
You are too injured to fight recklessly!
You are too injured to fight recklessly!
You are too injured to fight recklessly!
You are too injured to fight recklessly!
You are too injured to fight recklessly!
You are too injured to fight recklessly!
You are too injured to fight recklessly!
You are too injured to fight recklessly!
You are too injured to fight recklessly!
You are too injured to fight recklessly!
You are too injured to fight recklessly!
You are too injured to fight recklessly!
Unknown command.
You hit the small abomination.
The small abomination is lightly damaged.
The small abomination barely misses you.
The small abomination hits you but does no damage.
Laukis's ghost hits you!
You die...

#.# ## ##©# ##. #.. ...
#...#.###†.# #...#..#.###
#..w#..).####.##.#.†....(
#.#.##.#####.....##..#### #.
#.#.#.. ##.# ##.# ...
.##.##..#?##.#.. ##.#
........##.#.#..##$##..#
...##..©#...##..##♣...#
.......#@##.#......#.#
#.#..♣♣#xW#.##.......# #.#..
.#..: #####...# #...##.#
###.∩##.#♣..## #..©#.#
##.#.....W#...#
#...##.##..##..####...##.
#.####....###....♣###.........
#.............................
######..###.##...##.#.##......


You could see a small abomination and Laukis's ghost.

Vanquished Creatures
  An ufetubus (D:3)
  A dart slug (D:2)
  An endoplasm (D:2)
  2 giant cockroaches (D:1)
  A goblin (D:1)
  3 hobgoblins
  A quokka (D:2)
  3 ball pythons (D:2)
  A bat (D:2)
  5 frilled lizards
  A kobold (D:3)
  2 rats
22 creatures vanquished.

Notes
Turn   | Place    | Note
-------+----------+-------------------------------------------
     0 | D:1      | Garessta the Gnoll Wanderer began the quest for the Orb.
     0 | D:1      | Garessta set off with the following items: a +0 mace, a +2
                  | scale mail, a scroll of teleportation
     0 | D:1      | Reached XP level 1. HP: 17/17 MP: 1/1
    11 | D:1      | You fall into a shaft and drop 1 floor!
   814 | D:1      | Reached XP level 2. HP: 23/23 MP: 2/2
  1037 | D:2      | Found a sparkling altar of Nemelex Xobeh.
  1228 | D:2      | Found a faded altar of an unknown god.
  1441 | D:3      | Found a transporter.
  1441 | D:3      | Found a one-way gate to the infinite horrors of the Abyss.
  1441 | D:3      | Noticed Laukis's ghost (amateur GrBe)
  1484 | D:3      | Found a transporter.
  1546 | D:3      | Noticed a small abomination
  1549 | D:3      | Reached XP level 3. HP: 27/28 MP: 3/3
  1552 | D:3      | Slain by Laukis's ghost

Illustrated notes

Levels and vault maps discovered:
D:1:      evilmike_arrival_plus, layout_basic, minmay_misc_feat_columns,
          minmay_parallelograms, nrook_campfire
D:2:      layout_basic, ebering_ecumenical_altar_ruins, basic_altar,
          mrwooster_statue_mirror
D:3:      layout_loops_ring, gammafunk_ghost_abyssal_escape

Action                   || total
-------------------------++-------
Melee: Mace              ||    60
       Bite              ||     1
Armor: Scale mail        ||    37
Dodge: Dodged            ||    30
